Map: Oxide LE

Players

JonSnow - Winner!

  • Race: Zerg Zerg

Namshar

  • Race: Zerg Zerg

Event: DreamHack SC2 Masters 2021 Fall

VOD

Have the link to the VOD?

Description

Time

  • Played on: Aug. 4, 2021, 5:01 p.m.
  • Length: 6:16

All games in this series

Show
View Real Time Build Order
Export as new Build Order

JonSnow Zerg - Winner!

Build Orders: Hatch First 

Get SALT Encoding   

  12  0:01  Drone  
  13  0:12  Overlord  
  13  0:18  Drone  
  14  0:31  Drone x2  
  16  0:49  Hatchery  
  15  0:52  Drone  
  15  0:56  Drone  
  17  0:59  Drone  
  18  1:06  Extractor  
  17  1:14  Spawning Pool  
  16  1:20  Drone x2  
  18  1:29  Drone  
  19  1:40  Drone  
  20  1:49  Overlord  
  20  2:00  Queen x2  
  26  2:01  Zergling x4  
  26  2:06  Metabolic Boost  
  27  2:15  Zergling x2  
  27  2:16  Drone  
  27  2:22  Drone x2  
  30  2:37  Hatchery  
  29  2:43  Drone x2  
  31  2:47  Overlord  
  31  2:49  Drone  
  32  3:02  Baneling Nest  
  32  3:04  Zergling x4  
  33  3:20  Zergling x16  
  33  3:25  Extractor  
  40  3:30  Drone x2  
  42  3:41  Roach Warren  
  42  3:45  Baneling x2  
  39  3:50  Zergling x2  
  39  3:51  Zergling x8  
  41  3:58  Baneling x2  
  41  3:59  Drone x2  
  41  4:00  Drone x2  
  45  4:06  Baneling  
  45  4:07  Overlord  
  45  4:16  Overlord  
  45  4:17  Overlord  
  37  4:41  Roach x6  
  37  4:42  Roach  
  49  4:45  Roach  
  49  4:53  Baneling x2  
  49  4:54  Roach  
  49  4:55  Roach  
  49  4:59  Roach  
  55  5:00  Zergling x2  
  55  5:06  Zergling x4  
  56  5:16  Ravager  
  56  5:17  Zergling x8  
  61  5:22  Zergling x6  
  61  5:27  Zergling x2  
  61  5:28  Zergling x2  
  66  5:33  Baneling x2  
  66  5:35  Zergling x2  
  67  5:39  Baneling x4  
  67  5:49  Zergling x8  
  71  5:53  Zergling x4  
Show
View Real Time Build Order
Export as new Build Order

Namshar Zerg 

Build Orders: Hatch First 

Get SALT Encoding   

  12  0:00  Drone  
  13  0:11  Overlord  
  13  0:16  Drone  
  14  0:30  Drone x2  
  16  0:46  Hatchery  
  15  0:50  Drone  
  15  0:53  Drone  
  18  0:57  Drone  
  18  1:07  Extractor  
  17  1:12  Spawning Pool  
  17  1:15  Drone  
  17  1:18  Drone  
  18  1:27  Drone  
  19  1:38  Drone  
  20  1:48  Drone  
  21  1:58  Queen  
  21  1:59  Queen, Drone, Overlord  
  26  2:10  Zergling x2, Drone  
  26  2:13  Metabolic Boost  
  28  2:20  Drone  
  28  2:21  Drone  
  30  2:30  Zergling x2  
  30  2:31  Zergling x2  
  30  2:35  Hatchery  
  31  2:41  Queen  
  33  2:46  Overlord  
  33  2:49  Drone  
  34  2:57  Zergling x4  
  35  3:06  Zergling x4  
  37  3:14  Zergling x12  
  42  3:25  Evolution Chamber  
  41  3:28  Baneling Nest  
  40  3:38  Overlord x2  
  40  3:39  Drone  
  40  3:41  Zergling x2  
  42  3:45  Drone x2  
  43  3:53  Zergling x12  
  43  3:55  Drone  
  44  4:06  Drone  
  44  4:07  Drone  
  46  4:11  Baneling x4  
  46  4:12  Baneling  
  46  4:13  Drone x3  
  46  4:15  Extractor  
  40  4:32  Zergling x18  
  48  4:41  Drone x4  
  50  4:48  Lair  
  50  4:52  Extractor  
  49  4:54  Drone x2  
  49  4:55  Drone x2  
  49  4:56  Drone  
  54  5:16  Extractor  
  54  5:19  Roach Warren  
  54  5:20  Zergling x2  
  54  5:21  Zergling x10  
  57  5:27  Spine Crawler  
  56  5:38  Spine Crawler  
  56  5:41  Baneling x4  
  55  5:46  Baneling x3  
  55  5:49  Zergling x2  
  59  5:50  Zergling x6  

Tags
 
Add a new tag
Caveats
  • Supply blocks, unpowered buildings, or Contaminate may cause inaccurate times.
  • Supply counts are checked every 10 seconds.